TOP OF THE 1ST |
Seattle Mariners batting - Pitching for Houston Astros : RHP Alek Manoah
|
Pitching: RHP Alek Manoah
|
|
Batting: LHB Brandon Nimmo
|
0-0: Ball 1-0: Ground out U3 (Groundball, 3, EV 83.8 MPH)
|
Batting: RHB Mookie Betts
|
0-0: Swinging Strike 0-1: Ball 1-1: Ground out 4-3 (Groundball, 6M, EV 100.6 MPH)
|
Batting: RHB Manny Machado
|
0-0: Swinging Strike 0-1: Ball 1-1: Foul Ball, location: 2F 1-2: Ball 2-2: Foul Ball, location: 25F 2-2: Ball 3-2: Foul Ball, location: 2F 3-2: SINGLE (Line Drive, 8LS, EV 105.0 MPH)
|
Batting: LHB Rowdy Tellez
|
0-0: Ball 1-0: Ball 2-0: Called Strike 2-1: DOUBLE (Flyball, 78XD, EV 110.6 MPH) Manny Machado to third
|
Batting: RHB Aledmys Diaz
|
0-0: Ball 1-0: Fly out, F5 (Popup, 5F, EV 78.1 MPH)
|
Top of the 1st over - 0 runs, 2 hits, 0 errors, 2 left on base; Seattle 0 - Houston 0 |
BOTTOM OF THE 1ST |
Houston Astros batting - Pitching for Seattle Mariners : RHP Luis Castillo
|
Pitching: RHP Luis Castillo
|
|
Batting: RHB Esteury Ruiz
|
0-0: Ball 1-0: Ground out 4-3 (Groundball, 34D, EV 103.1 MPH)
|
Batting: RHB Tyler Hill
|
0-0: Ball 1-0: Foul Ball, location: 3FF 1-1: Foul Ball, location: 3SF 1-2: Ball 2-2: Ball 3-2: Ground out 6-3 (Groundball, 6, EV 104.4 MPH)
|
Batting: LHB Oneil Cruz
|
0-0: Ball 1-0: Foul Ball, location: 2F 1-1: Ball 2-1: SINGLE (Line Drive, 8RS, EV 96.3 MPH)
|
Batting: RHB Salvador Perez
|
0-0: Called Strike 0-1: Ball 1-1: Ball 2-1: SINGLE (Groundball, 6MD, EV 108.8 MPH) Oneil Cruz to second Runner from 2nd tries for 3rd, SAFE, no throw by CF
|
Batting: LHB Jesse Winker
|
0-0: Ball 1-0: Fly out, F4 (Popup, 3L, EV 70.6 MPH)
|
Bottom of the 1st over - 0 runs, 2 hits, 0 errors, 2 left on base; Seattle 0 - Houston 0 |
TOP OF THE 2ND |
Seattle Mariners batting - Pitching for Houston Astros : RHP Alek Manoah
|
Batting: LHB Akil Baddoo
|
0-0: Ball 1-0: Ball 2-0: Called Strike 2-1: Ball 3-1: Fly out, F9 (Flyball, 89M, EV 88.1 MPH)
|
Batting: LHB Reese McGuire
|
0-0: Foul Ball, location: 7LMF 0-1: Swinging Strike 0-2: Foul Ball, location: 7LSF 0-2: Strikes out swinging passed ball, reaches first!
|
Batting: RHB Lane Thomas
|
0-0: Called Strike 0-1: Called Strike 0-2: Strikes out swinging
|
Batting: RHB Nick Ahmed
|
0-0: Foul Ball, location: 3FF 0-1: Foul Ball, location: 9LMF 0-2: Ball 1-2: Foul Ball, location: 2F 1-2: Strikes out swinging
|
Top of the 2nd over - 0 runs, 0 hits, 0 errors, 1 left on base; Seattle 0 - Houston 0 |
BOTTOM OF THE 2ND |
Houston Astros batting - Pitching for Seattle Mariners : RHP Luis Castillo
|
Batting: RHB Tim Anderson
|
0-0: SOLO HOME RUN (Flyball, 89XD, EV 104.4 MPH), Distance : 412 ft
|
Batting: LHB Max Kepler
|
0-0: Foul Ball, location: 3F 0-1: Ball 1-1: Foul Ball, location: 2F 1-2: Fly out, F9 (Flyball, 9LD, EV 98.1 MPH)
|
Batting: RHB Trey Mancini
|
0-0: Called Strike 0-1: Called Strike 0-2: Ball 1-2: Foul Ball, location: 2F 1-2: SINGLE (Line Drive, 3D, EV 97.5 MPH)
|
Batting: RHB Thairo Estrada
|
0-0: Ball 1-0: Ball 2-0: Foul Ball, location: 25F 2-1: Fly out, F3 (Popup, 3S, EV 73.8 MPH)
|
Batting: RHB Esteury Ruiz
|
0-0: Ball 1-0: Fly out, F7 (Flyball, 7, EV 72.5 MPH)
|
Bottom of the 2nd over - 1 run, 2 hits, 0 errors, 1 left on base; Seattle 0 - Houston 1 |
TOP OF THE 3RD |
Seattle Mariners batting - Pitching for Houston Astros : RHP Alek Manoah
|
Batting: LHB Brandon Nimmo
|
0-0: Ball 1-0: Ball 2-0: Swinging Strike 2-1: Bunt for hit to 13 - play at first, batter OUT! 1-3
|
Batting: RHB Mookie Betts
|
0-0: Called Strike 0-1: Ball 1-1: Called Strike 1-2: Ball 2-2: Foul Ball, location: 2F 2-2: DOUBLE (Flyball, 7LD, EV 104.4 MPH)
|
Batting: RHB Manny Machado
|
0-0: Ball 1-0: Ground out 5-3 (Groundball, 56, EV 100.0 MPH) Mookie Betts to third
|
Batting: LHB Rowdy Tellez
|
0-0: Ball 1-0: Called Strike 1-1: Fly out, F7 (Flyball, 7, EV 90.0 MPH)
|
Top of the 3rd over - 0 runs, 1 hit, 0 errors, 1 left on base; Seattle 0 - Houston 1 |
BOTTOM OF THE 3RD |
Houston Astros batting - Pitching for Seattle Mariners : RHP Luis Castillo
|
Batting: RHB Tyler Hill
|
0-0: Called Strike 0-1: Ball 1-1: Ball 2-1: Foul Ball, location: 2F 2-2: Foul Ball, location: 3F 2-2: Ball 3-2: Base on Balls
|
Batting: LHB Oneil Cruz
|
0-0: Called Strike 0-1: Ball 1-1: Swinging Strike 1-2: Ball 2-2: Ball 3-2: Foul Ball, location: 9LSFF 3-2: Foul Ball, location: 2F 3-2: Base on Balls Tyler Hill to second
|
Batting: RHB Salvador Perez
|
0-0: Ball 1-0: Ball 2-0: Fly out, F7 (Flyball, 7S, EV 90.6 MPH)
|
Batting: LHB Jesse Winker
|
0-0: Ball 1-0: Foul Ball, location: 5FF 1-1: Foul Ball, location: 2F 1-2: Ball 2-2: Strikes out swinging
|
Batting: RHB Tim Anderson
|
0-0: Foul Ball, location: 7LSF 0-1: Fly out, F2 (Popup, 23F, EV 81.9 MPH)
|
Bottom of the 3rd over - 0 runs, 0 hits, 0 errors, 2 left on base; Seattle 0 - Houston 1 |
TOP OF THE 4TH |
Seattle Mariners batting - Pitching for Houston Astros : RHP Alek Manoah
|
Batting: RHB Aledmys Diaz
|
0-0: Ball 1-0: Ball 2-0: Called Strike 2-1: Foul Ball, location: 25F 2-2: Foul Ball, location: 2F 2-2: Foul Ball, location: 7LMFF 2-2: Ball 3-2: Base on Balls
|
Batting: LHB Akil Baddoo
|
0-0: Ball 1-0: Foul Ball, location: 2F 1-1: Ball 2-1: Ball 3-1: Base on Balls Aledmys Diaz to second
|
Batting: LHB Reese McGuire
|
0-0: Called Strike 0-1: Called Strike 0-2: SINGLE (Line Drive, 6D, EV 96.9 MPH) Aledmys Diaz to third Akil Baddoo to second
|
Batting: RHB Lane Thomas
|
0-0: Called Strike 0-1: Called Strike 0-2: Ball 1-2: Ball 2-2: Ball 3-2: Fly out, F9 (Flyball, 9D, EV 107.5 MPH) Runner from 3rd tags up, SCORES, throw by RF Akil Baddoo to third
|
Batting: RHB Nick Ahmed
|
0-0: Swinging Strike 0-1: Swinging Strike 0-2: Ball 1-2: Hit by Pitch Reese McGuire to second
|
Pinch Runner at 1st Sergio Alcantara:
|
|
Batting: LHB Brandon Nimmo
|
0-0: Called Strike 0-1: Swinging Strike 0-2: Foul Ball, location: 2F 0-2: Ball 1-2: Ball 2-2: Fly out, F7 (Flyball, 7D, EV 82.5 MPH) Runner from 3rd tags up, OUT at HOME! 7-2
|
Top of the 4th over - 1 run, 1 hit, 0 errors, 2 left on base; Seattle 1 - Houston 1 |
BOTTOM OF THE 4TH |
Houston Astros batting - Pitching for Seattle Mariners : RHP Luis Castillo
|
Pitching: RHP Aaron Civale
|
|
Now at SS: Sergio Alcantara
|
|
Batting: LHB Max Kepler
|
0-0: Ball 1-0: Ball 2-0: Ball 3-0: Called Strike 3-1: Called Strike 3-2: Ground out 6-3 (Groundball, P, EV 87.5 MPH)
|
Batting: RHB Trey Mancini
|
0-0: Fly out, F8 (Flyball, 8LD, EV 100.0 MPH)
|
Batting: RHB Thairo Estrada
|
0-0: Ball 1-0: Foul Ball, location: 2F 1-1: Foul Ball, location: 9LDF 1-2: Ball 2-2: Ball 3-2: SINGLE (Groundball, 34D, EV 95.6 MPH)
|
Batting: RHB Esteury Ruiz
|
0-0: Called Strike 0-1: Ball 1-1: Ball 2-1: Called Strike 2-2: Foul Ball, location: 7LSF 2-2: Ball Pickoff Throw by Catcher to First - Out!
|
Bottom of the 4th over - 0 runs, 1 hit, 0 errors, 0 left on base; Seattle 1 - Houston 1 |
TOP OF THE 5TH |
Seattle Mariners batting - Pitching for Houston Astros : RHP Alek Manoah
|
Batting: RHB Mookie Betts
|
0-0: Foul Ball, location: 7LMF 0-1: Ball 1-1: SOLO HOME RUN (Flyball, 7D, EV 95.0 MPH), Distance : 382 ft
|
Batting: RHB Manny Machado
|
0-0: Ball 1-0: SINGLE (Line Drive, 78S, EV 93.8 MPH)
|
Pitching: RHP Adam Wainwright
|
|
Batting: LHB Rowdy Tellez
|
0-0: Ball 1-0: Foul Ball, location: 23F 1-1: Foul Ball, location: 7LSF 1-2: Ball 2-2: Ball 3-2: Foul Ball, location: 2F 3-2: Fly out, F8 (Flyball, 8LM, EV 89.4 MPH)
|
Batting: RHB Aledmys Diaz
|
0-0: Ball 1-0: Fly out, F7 (Flyball, 78M, EV 90.0 MPH)
|
Batting: LHB Akil Baddoo
|
0-0: Called Strike 0-1: SINGLE (Groundball, 4MD, EV 100.6 MPH) Manny Machado to second Runner from 2nd tries for 3rd, SAFE, no throw by CF
|
Batting: LHB Reese McGuire
|
0-0: Called Strike 0-1: Ball 1-1: Fly out, F7 (Line Drive, 7LM, EV 102.5 MPH)
|
Top of the 5th over - 1 run, 3 hits, 0 errors, 2 left on base; Seattle 2 - Houston 1 |
BOTTOM OF THE 5TH |
Houston Astros batting - Pitching for Seattle Mariners : RHP Aaron Civale
|
Batting: RHB Esteury Ruiz
|
0-0: Called Strike 0-1: Foul Ball, location: 7LMF 0-2: Ball 1-2: Ground out 6-3 (Groundball, 6, EV 85.0 MPH)
|
Batting: RHB Tyler Hill
|
0-0: Ball 1-0: Ball 2-0: Foul Ball, location: 7LMF 2-1: Swinging Strike 2-2: Ball 3-2: Strikes out swinging
|
Batting: LHB Oneil Cruz
|
0-0: Ball 1-0: Ball 2-0: Foul Ball, location: 3FF 2-1: Ball 3-1: Foul Ball, location: 25F 3-2: Strikes out swinging
|
Bottom of the 5th over - 0 runs, 0 hits, 0 errors, 0 left on base; Seattle 2 - Houston 1 |
TOP OF THE 6TH |
Seattle Mariners batting - Pitching for Houston Astros : RHP Adam Wainwright
|
Batting: RHB Lane Thomas
|
0-0: Fly out, F6 (Line Drive, 6, EV 69.4 MPH)
|
Batting: SHB Sergio Alcantara
|
0-0: Ball 1-0: SINGLE (Line Drive, 7S, EV 86.9 MPH)
|
Batting: LHB Brandon Nimmo
|
0-0: Called Strike 0-1: TRIPLE (Line Drive, 8LXD, EV 104.4 MPH) Sergio Alcantara scores
|
Batting: RHB Mookie Betts
|
0-0: Ball 1-0: Ball 2-0: Ground out 1-3 (Groundball, 15S, EV 78.1 MPH)
|
Batting: RHB Manny Machado
|
0-0: Ball 1-0: Called Strike 1-1: Ball 2-1: Ball 3-1: Base on Balls
|
Batting: LHB Rowdy Tellez
|
0-0: Ball 1-0: Ball 2-0: Foul Ball, location: 2F 2-1: Ball 3-1: Ground out 4-3 (Groundball, 34, EV 81.9 MPH)
|
Top of the 6th over - 1 run, 2 hits, 0 errors, 2 left on base; Seattle 3 - Houston 1 |
BOTTOM OF THE 6TH |
Houston Astros batting - Pitching for Seattle Mariners : RHP Aaron Civale
|
Pitching: RHP Yency Almonte
|
|
Batting: RHB Salvador Perez
|
0-0: Called Strike 0-1: Fly out, F4 (Popup, 6M, EV 56.9 MPH)
|
Batting: LHB Jesse Winker
|
0-0: Ball 1-0: Foul Ball, location: 2F 1-1: Foul Ball, location: 5F 1-2: Fly out, F7 (Flyball, 78M, EV 95.6 MPH)
|
Batting: RHB Tim Anderson
|
0-0: Called Strike 0-1: Ball 1-1: Fly out, F5 (Line Drive, 5, EV 73.8 MPH)
|
Bottom of the 6th over - 0 runs, 0 hits, 0 errors, 0 left on base; Seattle 3 - Houston 1 |
TOP OF THE 7TH |
Seattle Mariners batting - Pitching for Houston Astros : RHP Adam Wainwright
|
Pitching: RHP Robert Stephenson
|
|
Batting: RHB Aledmys Diaz
|
0-0: Called Strike 0-1: SOLO HOME RUN (Line Drive, 7D, EV 100.0 MPH), Distance : 402 ft
|
Batting: LHB Akil Baddoo
|
0-0: Ball 1-0: Ball 2-0: Called Strike 2-1: Fly out, F8 (Flyball, 8RD, EV 96.9 MPH)
|
Batting: LHB Reese McGuire
|
0-0: Called Strike 0-1: SINGLE (Line Drive, 8LS, EV 88.8 MPH)
|
Batting: RHB Lane Thomas
|
0-0: Called Strike 0-1: Foul Ball, location: 3FF 0-2: Foul Ball, location: 9LSF 0-2: Ball 1-2: Foul Ball, location: 5F 1-2: Ball 2-2: Foul Ball, location: 5F 2-2: Strikes out looking
|
Batting: SHB Sergio Alcantara
|
0-0: Ball 1-0: Swinging Strike 1-1: Ball 2-1: Called Strike 2-2: Foul Ball, location: 2F 2-2: Ball 3-2: Base on Balls Reese McGuire to second
|
Pitching: RHP Ricky Karcher
|
|
Batting: LHB Brandon Nimmo
|
0-0: Called Strike 0-1: Foul Ball, location: 2F 0-2: Strikes out swinging
|
Top of the 7th over - 1 run, 2 hits, 0 errors, 2 left on base; Seattle 4 - Houston 1 |
BOTTOM OF THE 7TH |
Houston Astros batting - Pitching for Seattle Mariners : RHP Yency Almonte
|
Pitching: LHP Garrett Cleavinger
|
|
Pinch Hitting: RHB Kyle Garlick
|
0-0: Ball 1-0: Ball 2-0: Ball 3-0: Base on Balls
|
Batting: RHB Trey Mancini
|
0-0: Ball 1-0: Foul Ball, location: 2F 1-1: Swinging Strike 1-2: Grounds into double play, 6-4-3 (Groundball, 6, EV 86.9 MPH)
|
Batting: RHB Thairo Estrada
|
0-0: SINGLE (Line Drive, 89S, EV 100.6 MPH)
|
Pitching: LHP Kirby Snead
|
|
Batting: RHB Esteury Ruiz
|
0-0: Ball 1-0: Ball 2-0: Called Strike 2-1: Swinging Strike 2-2: Strikes out looking
|
Bottom of the 7th over - 0 runs, 1 hit, 0 errors, 1 left on base; Seattle 4 - Houston 1 |
TOP OF THE 8TH |
Seattle Mariners batting - Pitching for Houston Astros : RHP Ricky Karcher
|
Now in RF: Kyle Garlick
|
|
Batting: RHB Mookie Betts
|
0-0: Ball 1-0: Ball 2-0: SINGLE (Groundball, 4, EV 108.8 MPH) (infield hit)
|
Batting: RHB Manny Machado
|
0-0: Ball 1-0: Called Strike 1-1: Called Strike 1-2: Foul Ball, location: 2F 1-2: Strikes out swinging
|
Batting: LHB Rowdy Tellez
|
0-0: Ball 1-0: Ball 2-0: Swinging Strike 2-1: Swinging Strike 2-2: Foul Ball, location: 9LDF 2-2: Ball 3-2: Strikes out looking
|
Batting: RHB Aledmys Diaz
|
0-0: Ball 1-0: Foul Ball, location: 5F 1-1: Called Strike 1-2: Ball 2-2: Foul Ball, location: 7LMFF 2-2: Ball 3-2: Foul Ball, location: 2F 3-2: Foul Ball, location: 5FF 3-2: Strikes out swinging
|
Top of the 8th over - 0 runs, 1 hit, 0 errors, 1 left on base; Seattle 4 - Houston 1 |
BOTTOM OF THE 8TH |
Houston Astros batting - Pitching for Seattle Mariners : LHP Kirby Snead
|
Pitching: RHP Emilio Pagan
|
|
Batting: RHB Tyler Hill
|
0-0: Called Strike 0-1: Fly out, F4 (Popup, 23, EV 95.6 MPH)
|
Batting: LHB Oneil Cruz
|
0-0: Foul Ball, location: 3FF 0-1: Swinging Strike 0-2: SINGLE (Line Drive, 89S, EV 92.5 MPH)
|
Batting: RHB Salvador Perez
|
0-0: Fly out, F9 (Flyball, 9LM, EV 81.9 MPH)
|
Batting: LHB Jesse Winker
|
0-0: Ball 1-0: Ball 2-0: Foul Ball, location: 2F 2-1: Foul Ball, location: 23F 2-2: Strikes out swinging
|
Bottom of the 8th over - 0 runs, 1 hit, 0 errors, 1 left on base; Seattle 4 - Houston 1 |
TOP OF THE 9TH |
Seattle Mariners batting - Pitching for Houston Astros : RHP Ricky Karcher
|
Pitching: RHP Blake Treinen
|
|
Batting: LHB Akil Baddoo
|
0-0: Foul Ball, location: 7LDF 0-1: SINGLE (Groundball, 34D, EV 97.5 MPH)
|
Batting: LHB Reese McGuire
|
0-0: Called Strike 0-1: Swinging Strike 0-2: Fielders Choice at 2nd, 3-6 (Groundball, 3, EV 91.9 MPH)
|
Batting: RHB Lane Thomas
|
0-0: Ball 1-0: Called Strike 1-1: Foul Ball, location: 9LDF 1-2: Strikes out swinging
|
Batting: SHB Sergio Alcantara
|
0-0: Ball 1-0: Called Strike 1-1: Ball 2-1: Ball 3-1: Called Strike 3-2: Foul Ball, location: 2F 3-2: Foul Ball, location: 3DF 3-2: Foul Ball, location: 9LDF 3-2: Base on Balls Reese McGuire to second
|
Batting: LHB Brandon Nimmo
|
0-0: Foul Ball, location: 5FF 0-1: Ground out 4-3 (Groundball, 4, EV 94.4 MPH)
|
Top of the 9th over - 0 runs, 1 hit, 0 errors, 2 left on base; Seattle 4 - Houston 1 |
BOTTOM OF THE 9TH |
Houston Astros batting - Pitching for Seattle Mariners : RHP Emilio Pagan
|
Pitching: RHP Felix Bautista
|
|
Batting: RHB Tim Anderson
|
0-0: Ball 1-0: Ball 2-0: Called Strike 2-1: Called Strike 2-2: Foul Ball, location: 2F 2-2: Foul Ball, location: 9LMF 2-2: Foul Ball, location: 2F 2-2: Ball 3-2: Strikes out swinging
|
Pinch Hitting: LHB Daniel Vogelbach
|
0-0: Foul Ball, location: 2F 0-1: Called Strike 0-2: Ball 1-2: Ball 2-2: Strikes out swinging
|
Batting: RHB Trey Mancini
|
0-0: Called Strike 0-1: Swinging Strike 0-2: Foul Ball, location: 2F 0-2: Fly out, F5 (Popup, 25F, EV 78.8 MPH)
|
Bottom of the 9th over - 0 runs, 0 hits, 0 errors, 0 left on base; Seattle 4 - Houston 1 |
|